 Dungeon Crawl Stone Soup version 0.31.0-32-g396128a36d (webtiles) character file.

Game seed: 11772910979494453733

102091 TacoSundae the Severer (level 16, -3/204 HPs)
             Began as a Barachi Berserker on Apr 21, 2024.
             Was a High Priest of Trog.
             Killed from afar by a thorn hunter (17 damage)
             ... with a volley of thorns
             ... on level 2 of the Swamp.
             The game lasted 01:11:48 (25795 turns).

TacoSundae the Severer (Barachi Berserker)         Turns: 25795, Time: 01:11:50

Health: -3/204     AC: 29    Str: 26    XL:     16   Next: 32%
Magic:  0/16       EV: 13    Int:  9    God:    Trog [*****.]
Gold:   1621       SH:  0    Dex: 13    Spells: 15/15 levels left

rFire   + + .        K - +6 battleaxe (heavy)
rCold   + . .        (shield currently unavailable)
rNeg    . . .        Q - +4 plate armour {rPois}
rPois   +            d - +0 helmet
rElec   .            h - +0 cloak
rCorr   .            m - +1 pair of gloves
SInv    .            (no boots)
Will    ++...        p - amulet of guardian spirit
Stlth   x              - ring of willpower
HPRegen 0.54/turn    P - ring of Emezaem {rPois rF++ rC+ Str+2 Stlth+}
MPRegen 0.15/turn

%: guardian spirit
@: berserking, unable to hop, slowed, studying Dodging, slow
A: amphibious, slowness 1, strong legs 2, +LOS
a: Hop, Renounce Religion, Berserk, Trog's Hand, Brothers in Arms


You were on level 2 of the Swamp.
You worshipped Trog.
Trog was extremely pleased with you.
You visited 5 branches of the dungeon, and saw 23 of its levels.

You collected 2453 gold pieces.
You spent 832 gold pieces at shops.

Inventory:

Hand Weapons
 a - a +4 battleaxe of electrocution
 b - a +3 battleaxe of flaming
 K - a +6 heavy battleaxe (weapon)
Missiles
 u - 37 poisoned darts (quivered)
 w - 4 throwing nets
 D - 5 curare-tipped darts
Armour
 d - a +0 helmet (worn)
 h - a +0 cloak (worn)
 m - a +1 pair of gloves (worn)
 L - +0 acid dragon scales
 Q - a +4 plate armour of poison resistance (worn)
Jewellery
 p - an amulet of guardian spirit (around neck)
 r - a ring of positive energy
 x - a ring of willpower (left hand)
 y - a ring of resist corrosion
 E - a ring of flight
 G - a ring of protection from cold
 N - an amulet of reflection
 P - the ring of Emezaem (right hand) {rPois rF++ rC+ Str+2 Stlth+}
   (You found it on level 5 of the Lair of Beasts)

   [ring of protection from cold]

   Str+2:     It affects your strength (+2).
   rF++:      It greatly protects you from fire.
   rC+:       It protects you from cold.
   rPois:     It protects you from poison Stlth+: It makes you more stealthy.
 R - a +4 ring of protection
Wands
 j - a wand of flame (10)
 k - a wand of paralysis (27)
 s - a wand of polymorph (7)
 v - a wand of digging (11)
 H - a wand of roots (3)
 J - a wand of quicksilver (4)
Scrolls
 c - 6 scrolls of poison
 e - a scroll of fog
 f - 3 scrolls of blinking
 g - 11 scrolls of identify
 o - 5 scrolls of enchant armour
 z - a scroll of revelation
 C - 5 scrolls of fear
 F - 2 scrolls of teleportation
Potions
 i - 4 potions of might
 l - a potion of magic
 n - a potion of invisibility
 q - 2 potions of enlightenment
 t - 2 potions of lignification
 A - 9 potions of curing
 B - 5 potions of berserk rage
 I - 3 potions of attraction
 M - 2 potions of ambrosia
 O - 2 potions of resistance


   Skills:
 + Level 15.4 Fighting
 * Level 20.7 Axes
 + Level 18.7 Armour
 + Level 14.3 Dodging


You had 15 spell levels left.
You didn't know any spells.
Your spell library was empty.

Dungeon Overview and Level Annotations

Branches:
Dungeon (13/15)            Temple (1/1) D:6            Lair (5/5) D:11
  Swamp (2/4) Lair:2        Snake (0/4) Lair:3        Slime (0/5) Lair:4
    Orc (2/2) D:10            Elf (0/3) Orc:2
 Vaults: D:13-14

Altars:
Ashenzari
Cheibriados
Dithmenos
Elyvilon
Fedhas
Gozag
Hepliaklqana
Kikubaaqudgha
Makhleb
Nemelex Xobeh
Okawaru
Qazlal
Ru
Sif Muna
Trog
Uskayaw
Vehumet
Wu Jian
Xom
Yredelemnul
Zin
The Shining One

Shops:
D:2 *   D:7 (   Orc:2 :!:?

Annotations:
D:5 2 runed translucent doors, SchramBam's ghost, novice MiFi
D:8 1 runed translucent door, Consumeair16's ghost, novice GnRe
Lair:4 3 runed translucent doors, AbbaRin's ghost, journeyman DECj


Innate Abilities, Weirdness & Mutations

You are amphibious.
You cover ground slowly.
You can hop long distances.
You have an extended range of vision and can be seen from far away.


Message History

The hornet stings you but does no damage.
You hit the hornet.
The hornet is heavily wounded.
You closely miss the tyrant leech.
The spriggan rider hits you from afar with a +0 spear!
The hornet stings you. The tyrant leech bites you!!
* * * LOW HITPOINT WARNING * * *
The tyrant leech draws strength from your injuries!
The spriggan rider hits you from afar with a +4 spear!
* * * LOW HITPOINT WARNING * * *
The spriggan rider misses you.
Unknown command.
Hop to where?
Press: ? - help, Dir - move target Floosh!
Boing!
Unknown command.
A red film seems to cover your vision as you go berserk!
You feel yourself moving faster!
You feel mighty! The bog body casts a spell at you.
You resist with almost no effort. The hornet stings you!
* * * LOW HITPOINT WARNING * * *
You feel yourself slow down.
The spriggan rider hits you but does no damage.
You closely miss the hornet.
The hornet is heavily wounded.
The hornet stings you but does no damage.
The bog body gestures at you while chanting.
You resist with almost no effort.
The spriggan rider hits you but does no damage.
The spriggan rider hits you from afar with a +4 spear!
* * * LOW HITPOINT WARNING * * *
The hornet barely misses you.
You slice the hornet!!
You kill the hornet!
Trog accepts your kill. The spriggan rider misses you.
The spriggan rider barely misses you.
The thorn hunter fires a volley of thorns at you.
The volley of thorns hits you!!
You die...

~§~~.~~♣.~~♣
~§~~.♣.~..♣ .
~~~~..~~.~♣....
~~...~§~..~~~.~
.~.~~...~...~~
♣♣.~~~..~♣~....
♣~~~~~~....~~~.
♣.~~~~~..~.♣..♣
♣.~@~i..~.≈≈≈≈.
♣♣.w..~~.≈≈..≈≈
♣♣<.if~n≈.....
♣..)†.~≈§...~
♣....~≈≈~....
♣♣(.~.≈~.....
.~..~.≈~.....
♣.~~~.~≈≈.....
~..§~~~.~≈~~.~≈


You could see a thorn hunter, a tyrant leech, 2 spriggan riders and a bog body.

Vanquished Creatures
  Mlioglotl (Swamp:1)
  The ghost of PaiMei the Black Sun, a journeyman DsNe of Kikubaaqudgha (Lair:5)
  A dire elephant (Lair:5)
  An ettin (D:13)
  Josephine (Orc:1)
  Fannar (Lair:1)
  A rakshasa (D:13)
  A centaur warrior (D:13)
  4 ogre magi
  3 alligators (Swamp:1)
  A ghost crab (Swamp:1)
  18 two-headed ogres
  5 hydras
  A hell hog (Lair:5)
  3 boulder beetles
  8 death yaks
  An orc high priest (Orc:1)
  2 skysharks
  3 goliath frogs (Swamp:1)
  An arcanist (D:13)
  3 bog bodies
  A spriggan druid (Swamp:1)
  A swamp dragon (Swamp:1)
  A lindwurm (Lair:5)
  An orc sorcerer (Orc:1)
  An orc knight (Orc:1)
  A will-o-the-wisp (Swamp:1)
  3 ugly things (D:13)
  2 deep elf pyromancers (D:13)
  A moth of wrath (Lair:5)
  Maurice (D:7)
  3 cyclopes
  A manticore (D:11)
  19 elephants
  A kobold blastminer (Orc:2)
  3 black mambas
  2 gargoyles
  2 kobold demonologists (D:12)
  2 unseen horrors (D:11)
  16 cane toads
  5 komodo dragons
  3 rime drakes
  An efreet (D:13)
  4 trolls
  13 polar bears
  A raiju (Lair:5)
  6 hornets
  17 blink frogs
  11 dream sheep (Lair:5)
  6 spriggans
  4 wyverns
  3 shadows
  9 basilisks
  7 wraiths
  49 yaks
  6 wargs
  4 vampire mosquitoes (D:11)
  Menkaure (D:4)
  2 nagas (Lair:3)
  9 swamp worms
  2 acid dragons
  16 hell hounds (Lair:5)
  23 water moccasins
  21 orc warriors
  2 ice beasts
  A sky beast (D:6)
  2 laughing skulls (D:13)
  37 wolves
  20 ogres
  13 black bears
  7 centaurs
  7 kobold brigands
  2 phantoms (D:5)
  15 bullfrogs
  2 necrophages (Lair:3)
  A gnoll sergeant (D:13)
  4 scorpions
  26 wights
  8 killer bees
  14 electric eels
  4 howler monkeys (D:12)
  3 bombardier beetles (D:6)
  2 gnoll boudas
  2 jellies
  11 orc priests
  2 hounds (D:6)
  Jessica (D:3)
  4 iguanas
  3 sleepcaps
  Ijyb (D:4)
  16 orc wizards
  5 hell rats (Lair:2)
  Robin (D:4)
  12 gnolls
  7 adders
  5 river rats (D:4)
  3 shadow imps
  2 white imps (D:7)
  2 ufetubi (D:7)
  4 ribbon worms
  2 dart slugs
  55 orcs
  5 endoplasms
  4 giant cockroaches
  5 goblins
  4 hobgoblins
  10 jackals
  7 kobolds
  A quokka (D:3)
  6 ball pythons
  8 bats
  A frilled lizard (D:1)
  8 rats
713 creatures vanquished.

Vanquished Creatures (collateral kills)
  A white imp (D:7)
1 creature vanquished.

Vanquished Creatures (others)
  A tyrant leech (Swamp:1)
  2 foxfires (Swamp:1)
3 creatures vanquished.

Grand Total: 717 creatures vanquished

Notes
Turn   | Place    | Note
-------+----------+-------------------------------------------
     0 | D:1      | TacoSundae the Barachi Berserker began the quest for the
                  | Orb.
     0 | D:1      | Reached XP level 1. HP: 18/18 MP: 1/1
   251 | D:1      | Reached XP level 2. HP: 20/25 MP: 2/2
   587 | D:1      | Found a faded altar of an unknown god.
   819 | D:2      | Found Buapyex's General Store.
   891 | D:2      | Reached XP level 3. HP: 23/30 MP: 3/3
  1322 | D:2      | Reached ** piety under Trog
  1576 | D:3      | Found a hazy altar of Hepliaklqana.
  1600 | D:3      | Reached XP level 4. HP: 37/37 MP: 4/4
  1630 | D:3      | Found a hide-covered altar of Uskayaw.
  1892 | D:3      | Noticed Jessica
  1907 | D:3      | Killed Jessica
  1908 | D:3      | Reached skill level 4 in Axes
  2397 | D:4      | Reached XP level 5. HP: 42/43 MP: 5/5
  2483 | D:4      | Noticed Menkaure
  2484 | D:4      | Noticed Ijyb
  2493 | D:4      | Killed Menkaure
  2494 | D:4      | Reached skill level 5 in Axes
  2494 | D:4      | Reached XP level 6. HP: 49/49 MP: 3/6
  2494 | D:4      | Paralysed by Ijyb for 4 turns
  2496 | D:4      | Noticed Robin
  2502 | D:4      | Killed Ijyb
  2526 | D:4      | Killed Robin
  2554 | D:4      | Reached skill level 6 in Axes
  3417 | D:5      | Entered Level 5 of the Dungeon
  3529 | D:5      | Found a runed translucent door.
  3533 | D:5      | Noticed SchramBam's ghost (novice MiFi)
  3655 | D:5      | Reached skill level 7 in Axes
  3655 | D:5      | Reached XP level 7. HP: 51/55 MP: 4/7
  3662 | D:5      | Reached *** piety under Trog
  3883 | D:5      | Found a runed translucent door.
  3919 | D:5      | Reached skill level 8 in Axes
  4966 | D:5      | Reached skill level 9 in Axes
  4979 | D:6      | Reached XP level 8. HP: 31/61 MP: 6/8
  5125 | D:6      | Reached skill level 5 in Fighting
  5246 | D:6      | Reached skill level 10 in Axes
  5864 | D:6      | Reached skill level 5 in Armour
  5864 | D:6      | Reached XP level 9. HP: 64/69 MP: 9/9
  6078 | D:6      | Found a staircase to the Ecumenical Temple.
  6098 | D:6      | Reached skill level 11 in Axes
  6098 | D:6      | Reached skill level 5 in Dodging
  6128 | Temple   | Entered the Ecumenical Temple
  6461 | D:6      | Found a shadowy altar of Dithmenos.
  6498 | D:6      | Found an ancient bone altar of Kikubaaqudgha.
  6643 | D:7      | Identified a scroll of acquirement
  6643 | D:7      | Acquired a manual of Armour
  6683 | D:7      | Noticed Maurice
  6702 | D:7      | Something stole a ring of ice
  6703 | D:7      | Something stole 5 poisoned darts
  7079 | D:7      | Maurice stole 314 gold
  7203 | D:7      | Killed Maurice
  7204 | D:7      | Reached skill level 12 in Axes
  7204 | D:7      | Reached XP level 10. HP: 79/79 MP: 7/10
  7416 | D:7      | Found Anageu's Weapon Boutique.
  7659 | D:8      | Found an iron altar of Okawaru.
  7752 | D:8      | Found a broken altar of Ashenzari.
  7849 | D:8      | Found a runed translucent door.
  7849 | D:8      | Noticed Consumeair16's ghost (novice GnRe)
  8661 | D:9      | Noticed a two-headed ogre
  8673 | D:9      | Killed a two-headed ogre
  8674 | D:9      | Reached skill level 13 in Axes
  9081 | D:9      | Reached XP level 11. HP: 66/87 MP: 8/11
  9192 | D:9      | Reached skill level 10 in Armour
  9283 | D:9      | Noticed a two-headed ogre
  9290 | D:9      | Killed a two-headed ogre
  9469 | D:10     | Entered Level 10 of the Dungeon
  9516 | D:10     | Found a snail-covered altar of Cheibriados.
  9576 | D:10     | Reached **** piety under Trog
 10283 | D:10     | Found a radiant altar of Vehumet.
 10461 | D:10     | Reached skill level 14 in Axes
 10475 | D:10     | Found a staircase to the Orcish Mines.
 10947 | D:11     | Noticed a manticore
 10959 | D:11     | Killed a manticore
 10971 | D:11     | Reached skill level 10 in Fighting
 10975 | D:11     | Reached XP level 12. HP: 31/97 MP: 5/12
 11322 | D:11     | Found a staircase to the Lair.
 11643 | D:11     | Noticed a boulder beetle
 11675 | D:11     | Killed a boulder beetle
 11676 | D:11     | Reached skill level 15 in Axes
 12141 | D:11     | Found a glowing golden altar of the Shining One.
 12480 | D:12     | Noticed a boulder beetle
 12709 | D:12     | Killed a boulder beetle
 12769 | D:12     | Noticed a two-headed ogre
 12783 | D:12     | Killed a two-headed ogre
 13066 | D:12     | Noticed a two-headed ogre
 13071 | D:12     | Killed a two-headed ogre
 13108 | D:12     | Noticed a soul eater
 13324 | D:12     | Found a shimmering blue altar of Sif Muna.
 13405 | Lair:1   | Entered Level 1 of the Lair of Beasts
 13421 | Lair:1   | Reached ***** piety under Trog
 13619 | Lair:1   | Noticed Fannar
 13631 | Lair:1   | Reached skill level 10 in Dodging
 13637 | Lair:1   | Killed Fannar
 13638 | Lair:1   | Reached skill level 16 in Axes
 13757 | Lair:1   | Received a gift from Trog
 13758 | Lair:1   | Gained mutation: You can hop long distances. [Barachi
                  | growth]
 13758 | Lair:1   | Reached XP level 13. HP: 103/106 MP: 11/13
 14601 | Lair:2   | Reached skill level 15 in Armour
 15487 | Lair:2   | Found a staircase to the Swamp.
 15497 | Lair:2   | Reached skill level 17 in Axes
 16259 | Lair:3   | Found a staircase to the Snake Pit.
 17004 | Lair:4   | Found a runed translucent gate.
 17004 | Lair:4   | Found a runed translucent gate.
 17004 | Lair:4   | Found a runed translucent gate.
 17004 | Lair:4   | Noticed AbbaRin's ghost (journeyman DECj)
 17056 | Lair:4   | Reached XP level 14. HP: 116/116 MP: 14/14
 17169 | Lair:4   | Found a staircase to the Slime Pits.
 17424 | Lair:4   | Reached skill level 18 in Axes
 17861 | Lair:5   | Entered Level 5 of the Lair of Beasts
 18107 | Lair:5   | Noticed a dire elephant
 18126 | Lair:5   | Killed a dire elephant
 18136 | Lair:5   | Received a gift from Trog
 18657 | Lair:5   | Found a transporter.
 18995 | Lair:5   | Found a transporter.
 18998 | Lair:5   | Noticed PaiMei's ghost (journeyman DsNe)
 19620 | Lair:5   | Reached skill level 19 in Axes
 19634 | Lair:5   | Reached XP level 15. HP: 110/125 MP: 15/15
 19731 | Lair:5   | Found the +7 great mace "Undeadhunter" {deathbane, rN+}
 19775 | Lair:5   | Received a gift from Trog
 20255 | Lair:5   | Killed PaiMei's ghost
 20264 | Lair:5   | Identified the ring of Emezaem {rPois rF++ rC+ Str+2
                  | Stlth+}
 21928 | Orc:1    | Entered Level 1 of the Orcish Mines
 22021 | Orc:1    | Received a gift from Trog
 22202 | Orc:2    | Entered Level 2 of the Orcish Mines
 22202 | Orc:2    | Found a staircase to the Elven Halls.
 22440 | Orc:2    | Noticed Josephine
 22566 | Orc:1    | Killed Josephine
 22970 | Orc:2    | Reached skill level 20 in Axes
 22971 | Orc:2    | Paralysed by an ogre mage for 2 turns
 23493 | Orc:2    | Received a gift from Trog
 23501 | Orc:2    | Reached skill level 15 in Fighting
 23662 | Orc:2    | Found Lecorism's Distillery.
 23662 | Orc:2    | Found Hokhon's Magic Scroll Boutique.
 23663 | Orc:2    | Found Fatuatid's Book Shop.
 23663 | Orc:2    | Found Roisi's Book Shoppe.
 23681 | Orc:2    | Bought a scroll of acquirement for 832 gold pieces
 23681 | Orc:2    | Acquired a manual of Dodging
 24068 | Orc:1    | Reached XP level 16. HP: 96/136 MP: 10/16
 24676 | Swamp:1  | Entered Level 1 of the Swamp
 25165 | Swamp:1  | Noticed Mlioglotl
 25174 | Swamp:1  | Noticed a tentacled starspawn
 25177 | Swamp:1  | Killed Mlioglotl
 25788 | Swamp:2  | Noticed a thorn hunter
 25795 | Swamp:2  | Killed from afar by a thorn hunter

Illustrated notes

Levels and vault maps discovered:
D:1:      dpeg_arrival_tiny_d, layout_loops_cross,
          dreamdust_ecumenical_altar_hidden_monk_grotto
D:2:      layout_rooms, serial_shops, shop, dk_noncrumbling_2
D:3:      layout_basic, mainiacjoe_overflow_chevrons,
          mainiacjoe_overflow_six_doors_small, uniq_jessica
D:4:      layout_loops_ring, lightli_sewer_entry_pipes, dk_vineyard_3,
          nicolae_goblin_pals, uniq_menkaure
D:5:      layout_layer_cave, ebering_ghost_sewer_f
D:6:      hangedman_cross_stitches, layout_basic, marbit_many_paths,
          nicolae_kikubaaqudgha_miasma_corner, minmay_temple_entry_slanted,
          hangedman_minor_gate_pass
D:7:      layout_cave_pools, serial_shops, shop, uniq_maurice
D:8:      layout_cave_pools, okawaru_trees_2, mainiacjoe_overflow_24_doors,
          hellmonk_ghost_big_iron
D:9:      layout_loops_ring, palyth_stone_intersect
D:10:     layout_basic, mainiacjoe_overflow_catwalk, old_standard_altar,
          kennysheep_orc_monster_closet_entryway
D:11:     layout_cave_pods, david_lair_generic, tso_oasis_becter
D:12:     layout_roguey, hellmonk_sif_muna_bookshelves
D:13:     kennysheep_scales, layout_irregular_city
Temple:   compressed_dpeg_circular_temple
Lair:1:   layout_long_grid, grunt_megastairs_2, uniq_fannar
Lair:2:   layout_roguey, nicolae_swamp_entry_splash_gauntlet
Lair:3:   layout_roguey, guppyfry_snake_entry_garden, roderic_carrion_pond,
          serial_bayou_pond_a, serial_bayou_shore_a
Lair:4:   layout_misc_corridors, slime_entry_1, gammafunk_ghost_hydra_chop,
          grunt_megastairs_3, infiniplex_staircase_pool_2
Lair:5:   hangedman_lair_caniforms_friends, layout_concentric_octagons,
          gammafunk_ghost_berserking_beasts, nicolae_lair_grazing_beasts
          [nicolae_sub_lair_graze_edge, nicolae_sub_lair_graze_edge,
          nicolae_sub_lair_graze_edge, nicolae_sub_lair_graze_edge]
Swamp:1:  layout_falls_marsh, evilmike_swamp_ruin_house_6, swamp_pool_1_2,
          infiniplex_staircase_pool, uniq_mlioglotl
Swamp:2:  layout_basic_swamp, nicolae_swamp_oxbows
Orc:1:    layout_diamond_mine
Orc:2:    st_orc_ogre_mass, layout_caves, regret_index_minedec_guest_junction,
          uniq_josephine

Skill      XL: |  1  2  3  4  5  6  7  8  9 10 11 12 13 14 15 16 |
---------------+-------------------------------------------------+-----
Fighting       | 4 5 7 8 10 11 12 13 15 | 15.4
Armour         | 3 5 7 9 12 14 16 17 18 | 18.7
Dodging        | 3 4 6 7 8 10 11 12 13 14 | 14.3
Axes           | 4 5 7 9 10 12 13 14 16 17 19 20 | 20.7

Action                     |  1- 3 |  4- 6 |  7- 9 | 10-12 | 13-15 | 16-18 || total
---------------------------+-------+-------+-------+-------+-------+-------++-------
  Melee: Hand axe          |   138 |   194 |   198 |       |       |       ||   530
         Punch             |     1 |     1 |     9 |     2 |       |       ||    13
         War axe           |       |       |   120 |   161 |       |       ||   281
         Unarmed           |       |       |     2 |       |       |       ||     2
         Battleaxe         |       |       |       |   344 |  1036 |   102 ||  1482
  Throw: Dart              |       |       |     3 |    16 |       |       ||    19
 Invoke: Berserk           |       |     1 |     5 |     7 |    11 |     2 ||    26
         Trog's Hand       |       |       |       |     2 |       |       ||     2
Ability: Hop               |       |     1 |       |       |     2 |     2 ||     5
  Evoke: Wand              |       |       |     5 |    17 |     2 |       ||    24
    Use: Potion            |       |     1 |     1 |     1 |     2 |       ||     5
         Scroll            |       |       |    17 |     5 |     4 |       ||    26
   Stab: Paralysed         |       |       |    16 |       |       |       ||    16
         Sleeping          |       |       |       |       |     1 |       ||     1
         Invisible         |       |       |       |       |     1 |       ||     1
 Armour: Scale mail        |   100 |   139 |   197 |   196 |       |       ||   632
         Skin              |       |       |     1 |       |       |       ||     1
         Acid dragon scale |       |       |       |   179 |   457 |       ||   636
         Plate armour      |       |       |       |       |   252 |   141 ||   393
  Dodge: Dodged            |    94 |   111 |   154 |   300 |   766 |    94 ||  1519
